 Dungeon Crawl Stone Soup version 0.23.0 (webtiles) character file.

Game seed: 8609021593475695856

46031 Jannitor the Covert (level 14, -1/69 HPs)
             Began as a Vine Stalker Chaos Knight on Feb 11, 2019.
             Was a Plaything of Xom.
             Slain by a freezing wraith (12 damage)
             ... on level 12 of the Dungeon.
             The game lasted 00:32:01 (17657 turns).

Jannitor the Covert (Vine Stalker Chaos Knight)    Turns: 17657, Time: 00:32:01

Health: -1/69      AC: 12    Str: 16    XL:     14   Next: 35%
Magic:  0/22       EV: 15    Int: 22    God:    Xom [*.....]
Gold:   766        SH: 14    Dex: 17    Spells: 15/23 levels left

rFire    . . .     SeeInvis .   V - +2 dagger (elec)
rCold    . . .     Gourm    .   U - +0 shield {reflect}
rNeg     . . .     Faith    .   W - +0 troll leather armour
rPois    +         Spirit   +   I - +2 hat {MR+}
rElec    .         Reflect  +   k - +0 cloak
rCorr    .         Harm     .   w - +2 pair of gloves
MR       +++++                  (no boots)
Stlth    ++++......             t - amulet "Hompil" {Fragile MR+++ Regen+ Int+9 Stlth-}
HPRegen  1.81/turn              p - +3 ring of protection
MPRegen  0.18/turn              N - ring of poison resistance

@: slowed, very slow
A: fangs 3, horns 2, talons 2, large bone plates 1, blurry vision 1, deformed
body, frail 1, regeneration 2, screaming 1, magic shield, antimagic bite, no
potion heal 3, rot immunity
a: Renounce Religion


You were on level 12 of the Dungeon.
You worshipped Xom.
You were a special plaything of Xom.
You were not hungry.

You visited 3 branches of the dungeon, and saw 20 of its levels.

You collected 2014 gold pieces.
You spent 1248 gold pieces at shops.

Inventory:

Hand Weapons
 a - a +1 short sword of chaos
 i - a +0 dagger of venom
 G - a +4 dagger of chaos
 Q - a +0 rapier
 V - a +2 dagger of electrocution (weapon)
Missiles
 o - 14 javelins (quivered)
Armour
 b - a +2 leather armour
 k - a +0 cloak (worn)
 n - a +0 helmet
 w - a +2 pair of gloves (worn)
 H - the +4 ring mail of the Jabberwock {rElec MR+ Str+3 Dex+3}
   (You found it on level 2 of the Lair of Beasts)

   It affects your strength (+3).
   It affects your dexterity (+3).
   It insulates you from electricity.
   It affects your resistance to hostile enchantments.
 I - a +2 hat of magic resistance (worn)
 L - a +0 buckler
 P - a +1 pair of boots
 U - a +0 shield of reflection (worn)
 W - a +0 troll leather armour (worn)
Jewellery
 p - a +3 ring of protection (left hand)
 t - the amulet "Hompil" (around neck) {Fragile MR+++ Regen+ Int+9 Stlth-}
   (Xom gifted it to you on level 2 of the Lair of Beasts)

   [amulet of regeneration]

   It affects your intelligence (+9).
   It affects your resistance to hostile enchantments.
   It increases your rate of regeneration.
   It will be destroyed if unequipped.
   It makes you less stealthy.
 D - an uncursed amulet of the acrobat
 N - a ring of poison resistance (right hand)
Wands
 h - a wand of polymorph (11)
 x - a wand of digging (10)
 y - a wand of acid (12)
 B - a wand of iceblast (6)
 E - a wand of paralysis (5)
Scrolls
 d - 5 scrolls of amnesia
 e - 5 scrolls of remove curse
 q - 3 scrolls of teleportation
 r - 6 scrolls of blinking
 u - a scroll of fear
 v - 4 scrolls of magic mapping
 M - 7 scrolls of identify
 R - a scroll of enchant weapon
 S - a scroll of fog
Potions
 f - 10 potions of heal wounds
 g - 2 potions of brilliance
 j - 2 potions of lignification
 l - 8 potions of curing
 m - 5 potions of haste
 s - 3 potions of flight
 z - a potion of invisibility
 A - 3 potions of berserk rage
 C - a potion of cancellation
 F - 2 potions of might
 J - 2 potions of mutation
 K - a potion of agility
Miscellaneous
 O - a lamp of fire
Comestibles
 c - 28 rations
 T - 12 chunks of flesh


   Skills:
 + Level 10.5 Fighting
 + Level 10.6 Short Blades
 - Level 4.7 Armour
 - Level 7.7 Dodging
 - Level 13.3 Stealth
 * Level 6.1 Shields
 + Level 5.1 Spellcasting
 + Level 3.5 Charms
 - Level 1.2 Necromancy
 - Level 3.4 Translocations
 - Level 6.0 Evocations


You had 15 spell levels left.
You knew the following spells:

 Your Spells              Type           Power        Failure   Level  Hunger
a - Blink                 Tloc           N/A          14%         2    None
b - Apportation           Tloc           ###...       10%         1    None
c - Song of Slaying       Chrm           ###.....     14%         2    None
d - Regeneration          Chrm/Necr      ###.......   41%         3    ##.....

Your spell library contained the following spells:

 Spells                   Type           Power        Failure   Level  Hunger
 Infusion                 Chrm           ###.         9%          1    None
 Shroud of Golubria       Chrm/Tloc      ###.......   14%         2    None
 Animate Skeleton         Necr           N/A          22%         1    None
 Beastly Appendage        Tmut           #.....       36%         1    None
 Confusing Touch          Hex            #.....       36%         1    None
 Magic Dart               Conj           #...         36%         1    None
 Summon Small Mammal      Summ           #...         36%         1    None
 Call Imp                 Summ           #.......     50%         2    None
 Slow                     Hex            #.......     50%         2    None
 Sticks to Snakes         Tmut           #.......     50%         2    None
 Spectral Weapon          Hex/Chrm       ##......     50%         3    ##.....
 Call Canine Familiar     Summ           #.......     75%         3    ##.....
 Conjure Flame            Conj/Fire      #.......     75%         3    ##.....
 Mephitic Cloud           Conj/Pois/Air  #.......     75%         3    ##.....
 Spider Form              Tmut/Pois      #.........   75%         3    ##.....
 Summon Guardian Golem    Hex/Summ       #.......     75%         3    ##.....
 Ice Form                 Ice/Tmut       #.......     98%         4    ####...
 Summon Ice Beast         Ice/Summ       #.......     98%         4    ####...
 Summon Lightning Spire   Summ/Air       #.......     98%         4    ####...
 Blade Hands              Tmut           #.........   100%        5    #####..
 Irradiate                Conj/Tmut      #.........   100%        5    #####..
 Hydra Form               Tmut           #.........   100%        6    #######
 Statue Form              Tmut/Erth      #........    100%        6    #######
 Dragon Form              Tmut           #.........   100%        7    #######


Dungeon Overview and Level Annotations

Branches:
Dungeon (12/15)            Temple (0/1) D:6            Lair (6/6) D:10
  Swamp (0/4) Lair:4        Snake (0/4) Lair:3        Slime (0/5) Lair:6
    Orc (2/2) D:11            Elf (0/3) Orc:2

Altars:
Cheibriados
Dithmenos
Fedhas
Nemelex Xobeh
Okawaru
Ru
Uskayaw
Xom
Yredelemnul
Zin

Shops:
D:5 !   D:6 *   D:9 *   Orc:1 :   Orc:2 =(*

Annotations:
D:10 exclusion: 2 oklob plants
Lair:1 2 transporters, exclusion: oklob plant
Lair:4 2 transporters, Bananafolds's ghost, journeyman MfSk


Innate Abilities, Weirdness & Mutations

You have razor-sharp teeth.
You heal very quickly.
When hurt, damage is shared between your health and your magic reserves.
Your bite disrupts and absorbs the magic of your enemies.
Potions cannot restore your health.
You are immune to rotting.
You have a pair of horns on your head.
You have razor-sharp toenails.
You are partially covered in large bone plates. (SH +4)
Scrolls take you a little longer to read.
Armour fits poorly on your strangely shaped body.
You are frail. (-10% HP)
You occasionally shout uncontrollably at your foes.


Message History

You bite the freezing wraith, but do no damage.
The freezing wraith is almost destroyed.
The freezing wraith hits you! The freezing wraith freezes you!
The freezing wraith hits you. The freezing wraith drains your vigour!
You feel yourself slow down.
You hit the freezing wraith.
You bite the freezing wraith, but do no damage.
The freezing wraith is almost destroyed.
The freezing wraith hits you! The freezing wraith freezes you!
The freezing wraith hits you. The freezing wraith drains your vigour!
You feel as though you will be slow longer.
You are too injured to fight recklessly!
The freezing wraith hits you. The freezing wraith freezes you!!
* * * LOW HITPOINT WARNING * * *
You block the freezing wraith's attack.
Really read with blurry vision while enemies are nearby?
The freezing wraith hits you.
* * * LOW HITPOINT WARNING * * *
The freezing wraith freezes you!
You die...

.....# #....# ... #....# #
...#### .... ##.
.......####.#######.
....#####.# #...#..........
......#... ####).....#
...##....# ###.....#.#.....#
.........###W@.#####.#####.#
.............### #.#
####...###.## #.# ## #...#
### #.# .# ##...#### ####.#
.## ##...#.. .. ##...>#
..##.<.###.###. #..#####.
#(#..## ##...#.####........#
#...# ##...(.......########


You could see a freezing wraith.

Vanquished Creatures
  Gastronok (D:10)
  Donald (Orc:2)
  A stone giant (Orc:2)
  5 dire elephants (Lair:6)
  Snorg (Lair:3)
  Josephine (Orc:1)
  An anaconda (Lair:6)
  2 two-headed ogres
  An orc high priest (Orc:1)
  Nergalle (Lair:3)
  An unseen horror (D:11)
  5 orc knights (Orc:2)
  3 ugly things (D:11)
  A manticore (D:11)
  An orc sorcerer (Orc:1)
  A black mamba (Lair:2)
  3 spiny frogs
  An eye of devastation (Orc:2)
  7 elephants
  Psyche (D:9)
  A yaktaur (shapeshifter) (Orc:2)
  A komodo dragon (Lair:2)
  3 trolls
  A polar bear (Lair:3)
  2 hornets
  Prince Ribbit (D:6)
  3 bog bodies (Lair:4)
  A blink frog (Lair:4)
  8 hippogriffs
  4 wraiths
  3 wyverns
  A shadow (D:11)
  10 yaks
  A spriggan (D:7)
  A hungry ghost (D:9)
  A basilisk (Lair:5)
  A swamp worm (Lair:4)
  4 wargs
  8 water moccasins
  8 porcupines
  3 ice beasts
  42 orc warriors
  5 sky beasts
  14 wolves
  3 phantoms
  24 centaurs
  7 ogres
  11 crocodiles
  A big kobold (D:11)
  3 bullfrogs
  2 gnoll sergeants
  2 scorpions
  5 killer bees (D:9)
  6 wights
  8 howler monkeys
  3 electric eels
  8 crimson imps
  2 centaur zombies
  6 hounds
  7 jellies
  A gnoll shaman (D:8)
  11 orc priests
  29 orc wizards
  Jessica (D:2)
  3 iguanas
  10 worker ants
  2 hound zombies
  2 hound skeletons
  2 worker ant zombies
  A howler monkey skeleton (D:4)
  10 adders
  17 gnolls
  A shadow imp (D:9)
  7 oozes
  An adder zombie (D:6)
  4 worms
  A dart slug (D:1)
  6 leopard geckos
  85 orcs
  2 ball pythons
  5 bats
  3 giant cockroaches
  8 goblins
  14 hobgoblins
  10 jackals
  5 quokkas
  A ball python skeleton (D:4)
  5 frilled lizards
  A jackal skeleton (D:7)
  13 kobolds
  A leopard gecko skeleton (D:4)
  A quokka skeleton (D:4)
  7 rats
  2 plants (Lair:6)
536 creatures vanquished.

Vanquished Creatures (collateral kills)
  3 yaks (D:9)
  A necrophage (D:8)
  An ogre (D:8)
  A jelly (D:8)
  A hound (D:9)
  An orc wizard (Orc:2)
  2 gnolls (D:8)
10 creatures vanquished.

Vanquished Creatures (others)
  A swamp drake (D:10)
  2 orc warriors (Orc:2)
  2 centaurs (Orc:2)
  An orc wizard (Orc:1)
  An adder (D:2)
  2 orcs (Orc:2)
  3 fungi
  4 plants
16 creatures vanquished.

Grand Total: 562 creatures vanquished

Notes
Turn   | Place    | Note
-------+----------+-------------------------------------------
     0 | D:1      | Jannitor the Vine Stalker Chaos Knight began the quest for
                  | the Orb.
     0 | D:1      | Reached XP level 1. HP: 11/11 MP: 2/2
    70 | D:1      | Reached skill level 1 in Dodging
   101 | D:1      | Reached XP level 2. HP: 13/16 MP: 3/3
   102 | D:1      | XOM: divination: magic mapping
   111 | D:1      | Reached skill level 1 in Stealth
   151 | D:1      | XOM: harmless Tmut miscast
   579 | D:1      | Reached XP level 3. HP: 20/20 MP: 4/4
   595 | D:1      | XOM: silly message
  1008 | D:1      | XOM: silly message
  1196 | D:2      | XOM: stealth player
  1196 | D:2      | Noticed Jessica
  1197 | D:2      | XOM: harmless Pois miscast
  1206 | D:2      | Killed Jessica
  1206 | D:2      | Reached skill level 2 in Stealth
  1206 | D:2      | Gained mutation: Your natural rate of healing is unusually
                  | fast. [Vine Stalker growth]
  1206 | D:2      | Reached XP level 4. HP: 22/24 MP: 5/5
  1406 | D:2      | Found a glowing silver altar of Zin.
  1406 | D:2      | Found a shadowy altar of Dithmenos.
  1430 | D:2      | XOM: silly message
  1471 | D:2      | Noticed a +0 dagger
  1471 | D:2      | Noticed a +0 dagger
  1473 | D:2      | Found a hide-covered altar of Uskayaw.
  1594 | D:2      | Reached XP level 5. HP: 28/28 MP: 6/6
  1841 | D:3      | Found a faded altar of an unknown god.
  1947 | D:3      | Found a basalt altar of Yredelemnul.
  2072 | D:3      | Reached skill level 3 in Stealth
  2088 | D:3      | XOM: harmless Ice miscast
  2425 | D:4      | XOM: divination: magic mapping
  2571 | D:4      | XOM: noise
  2573 | D:4      | Reached XP level 6. HP: 33/33 MP: 7/7
  2712 | D:4      | XOM: noise
  2723 | D:4      | Found an iron altar of Okawaru.
  2754 | D:4      | Reached skill level 4 in Stealth
  3136 | D:5      | Entered Level 5 of the Dungeon
  3165 | D:5      | Reached XP level 7. HP: 29/37 MP: 5/8
  3182 | D:5      | XOM: divination: detect items
  3184 | D:5      | XOM: enchant monster (bad)
  3239 | D:5      | XOM: noise
  3286 | D:5      | XOM: harmless Summ miscast
  3298 | D:5      | XOM: divination: detect items
  3338 | D:5      | XOM: harmless Air miscast
  3517 | D:5      | XOM: god gift: pair of embroidered gloves {god gift}
  3547 | D:5      | Reached skill level 5 in Stealth
  3592 | D:5      | Found Mogie's Distillery.
  3599 | D:5      | Bought a potion of mutation for 104 gold pieces
  3599 | D:5      | Bought a potion of invisibility for 104 gold pieces
  3882 | D:5      | Gained mutation: You have sharp toenails. [potion of
                  | mutation]
  3882 | D:5      | Gained mutation: You have an increased reservoir of magic.
                  | (+10% MP) [potion of mutation]
  3882 | D:5      | Gained mutation: You have a pair of small horns on your
                  | head. [potion of mutation]
  3907 | D:5      | XOM: noise
  3921 | D:5      | Gained mutation: You have razor-sharp teeth. [Vine Stalker
                  | growth]
  3921 | D:5      | Reached XP level 8. HP: 30/42 MP: 9/9
  4134 | D:5      | XOM: give mutations
  4134 | D:5      | Gained mutation: You heal very quickly. [Xom's mischief]
  4134 | D:5      | Gained mutation: You occasionally shout uncontrollably at
                  | your foes. [Xom's mischief]
  4182 | D:6      | Reached skill level 5 in Fighting
  4182 | D:6      | Reached skill level 5 in Short Blades
  4254 | D:6      | Reached skill level 6 in Stealth
  4322 | D:6      | Found Ikhlef's Assorted Antiques.
  4322 | D:6      | XOM: 1-stop teleportation journey
  4325 | D:6      | Bought a scroll labeled ELEDOSKAWNEL for 23 gold pieces
  4325 | D:6      | Bought a long silver wand for 92 gold pieces
  4433 | D:6      | XOM: summons friendly shadow imp
  4512 | D:6      | Reached skill level 7 in Stealth
  4531 | D:6      | Reached XP level 9. HP: 19/48 MP: 8/10
  4694 | D:6      | Noticed Prince Ribbit
  4698 | D:6      | XOM: summons friendly quasit
  4706 | D:6      | Killed Prince Ribbit
  4765 | D:6      | XOM: polymorph quasit -> shadow imp
  4773 | D:6      | XOM: divination: detect items
  4778 | D:6      | Found a staircase to the Ecumenical Temple.
  5069 | D:6      | XOM: scenery: create altars
  5098 | D:6      | Reached skill level 5 in Dodging
  5158 | D:7      | XOM: potion effect (might)
  5274 | D:7      | XOM: god gift: wand of acid (13)
  5284 | D:7      | Reached skill level 8 in Stealth
  5416 | D:7      | XOM: cleaving
  5516 | D:7      | Reached skill level 1 in Evocations
  5972 | D:7      | Noticed a hornet
  5979 | D:7      | Killed a hornet
  5979 | D:7      | Reached XP level 10. HP: 53/53 MP: 13/13
  6152 | D:8      | Reached skill level 9 in Stealth
  6190 | D:8      | XOM: butterfly on damage
  6214 | D:8      | XOM: cloud trail
  6370 | D:8      | XOM: 1-stop teleportation journey
  6463 | D:8      | XOM: give mutations
  6463 | D:8      | Gained mutation: You are partially covered in large bone
                  | plates. (SH +4) [Xom's grace]
  6463 | D:8      | Gained mutation: You are partially covered in thin metallic
                  | scales. (AC +2) [Xom's grace]
  6530 | D:8      | XOM: harmless Air miscast
  6634 | D:8      | XOM: god gift: runed chain mail {god gift}
  6774 | D:9      | XOM: cast spell 'Summon Horrible Things'
  7210 | D:9      | Found a sacrificial altar of Ru.
  7319 | D:9      | Noticed an angel
  7324 | D:9      | Found Wannopt's Hallowed Reliquary.
  7325 | D:9      | Found a glowing silver altar of Zin.
  7381 | D:9      | Found a snail-covered altar of Cheibriados.
  7392 | D:9      | Found a blossoming altar of Fedhas.
  7521 | D:9      | Noticed Psyche
  7528 | D:9      | Killed Psyche
  7778 | D:10     | Entered Level 10 of the Dungeon
  7782 | D:10     | Found a staircase to the Lair.
  7797 | D:9      | XOM: potion effect (magic)
  7800 | D:9      | XOM: enchant monster (good)
  7807 | D:9      | Reached skill level 10 in Stealth
  8026 | D:10     | Noticed a two-headed ogre
  8037 | D:9      | Reached XP level 11. HP: 29/59 MP: 8/16
  8098 | D:9      | XOM: butterfly on damage
  8101 | D:9      | XOM: summons 6 friendly demons
  8152 | D:10     | XOM: give mutation
  8152 | D:10     | Gained mutation: You are dopey. (Int -2) [Xom's mischief]
  8160 | D:10     | XOM: 2-stop teleportation journey
  8161 | D:10     | XOM: blink monster(s)
  8234 | D:10     | XOM: smoke on damage
  8538 | D:10     | Noticed Gastronok
  8553 | D:10     | Killed Gastronok
  8553 | D:10     | Reached skill level 5 in Evocations
  8681 | D:10     | Found a blossoming altar of Fedhas.
  8684 | D:10     | Noticed an oklob plant
  8684 | D:10     | Noticed an oklob plant
  8760 | D:11     | Noticed a white ugly thing
  8764 | D:11     | Killed a white ugly thing
  8797 | D:11     | Noticed a green ugly thing
  8806 | D:11     | XOM: confuse monster(s)
  8808 | D:11     | Killed a green ugly thing
  8823 | D:11     | Reached skill level 11 in Stealth
  8825 | D:11     | XOM: potion effect (might)
  8875 | D:11     | Noticed a two-headed ogre
  8882 | D:11     | XOM: potion effect (invisibility)
  8883 | D:11     | Killed a two-headed ogre
  8902 | D:11     | Found a sparkling altar of Nemelex Xobeh.
  8946 | D:11     | Killed an unseen horror
  9157 | D:11     | Found a staircase to the Orcish Mines.
  9167 | D:11     | Mutation became permanent: Your natural rate of healing is
                  | unusually fast. [Vine Stalker growth]
  9167 | D:11     | Gained mutation: You heal very quickly. [Vine Stalker
                  | growth]
  9167 | D:11     | Reached XP level 12. HP: 65/65 MP: 18/18
  9194 | D:11     | XOM: confusion
  9388 | D:11     | XOM: 10-stop teleportation journey
  9388 | D:11     | Identified the +12 war axe of Eptuber {drain, rElec Str+6
                  | Dex-5}
  9393 | D:11     | XOM: silly message
  9499 | D:11     | XOM: polymorph centaur -> ooze
  9724 | Lair:1   | Entered Level 1 of the Lair of Beasts
  9839 | Lair:1   | Noticed Grum
  9844 | Lair:1   | Noticed Grum
  9844 | Lair:1   | Grum changed into Grum the ogre
  9844 | Lair:1   | XOM: polymorph Grum -> Grum the ogre
  9858 | Lair:1   | XOM: blink monster(s)
  9885 | Lair:1   | Killed Grum the ogre
  9966 | Lair:1   | XOM: give mutation
  9966 | Lair:1   | Gained mutation: You have a pair of horns on your head.
                  | [Xom's mischief]
 10094 | Lair:1   | Found a transporter.
 10192 | Lair:1   | Found a transporter.
 10256 | Lair:1   | XOM: noise
 10409 | Lair:2   | Got a slimy ring mail
 10412 | Lair:2   | Identified the +4 ring mail of the Jabberwock {rElec MR+
                  | Str+3 Dex+3} (You found it on level 2 of the Lair of
                  | Beasts)
 10455 | Lair:2   | XOM: mild Erth miscast
 10511 | Lair:2   | XOM: noise
 10539 | Lair:2   | Reached skill level 1 in Shields
 10638 | Lair:2   | XOM: noise
 10932 | Lair:2   | XOM: harmless Ice miscast
 10940 | Lair:2   | XOM: 1-stop teleportation journey
 11064 | Lair:2   | XOM: god gift: 36 gold pieces
 11165 | Lair:2   | XOM: god gift: steaming zirconium amulet {god gift}
 11166 | Lair:2   | Got a steaming zirconium amulet {god gift}
 11168 | Lair:2   | Identified the amulet "Hompil" {Fragile MR+++ Regen+ Int+9
                  | Stlth-} (Xom gifted it to you on level 2 of the Lair of
                  | Beasts)
 11199 | Lair:2   | XOM: divination: detect creatures
 11301 | Lair:3   | XOM: enchant monster (good)
 11305 | Lair:3   | Reached skill level 12 in Stealth
 11401 | Lair:3   | XOM: smoke on damage
 11410 | Lair:3   | XOM: cleaving
 11552 | Lair:3   | Found a staircase to the Snake Pit.
 11561 | Lair:3   | Noticed Snorg
 11578 | Lair:3   | Killed Snorg
 11668 | Lair:3   | Noticed Nergalle
 11679 | Lair:3   | XOM: fog
 11681 | Lair:3   | Killed Nergalle
 11692 | Lair:3   | XOM: cloud trail
 11734 | Lair:3   | XOM: give mutation
 11734 | Lair:3   | Gained mutation: You have razor-sharp toenails. [Xom's
                  | grace]
 11766 | Lair:3   | XOM: summons 2 hostile demons
 11855 | Lair:3   | XOM: harmless Hex miscast
 12064 | Lair:4   | XOM: 1-stop teleportation journey
 12099 | Lair:4   | XOM: harmless Pois miscast
 12150 | Lair:4   | Learned a level 2 spell: Blink
 12195 | Lair:4   | Learned a level 1 spell: Apportation
 12329 | Lair:4   | XOM: silly message
 12337 | Lair:4   | XOM: fake destruction
 12344 | Lair:4   | Reached skill level 1 in Translocations
 12348 | Lair:4   | Reached skill level 1 in Spellcasting
 12363 | Lair:4   | Reached XP level 13. HP: 70/70 MP: 20/20
 12390 | Lair:4   | Found a transporter.
 12394 | Lair:4   | Found a transporter.
 12395 | Lair:4   | Noticed Bananafolds's ghost (journeyman MfSk)
 12582 | Lair:4   | Found a staircase to the Swamp.
 12668 | Lair:4   | XOM: give mutation
 12668 | Lair:4   | Lost mutation: You are partially covered in thin metallic
                  | scales. (AC +2) [Xom's mischief]
 12900 | Lair:5   | XOM: potion effect (haste)
 12900 | Lair:5   | Paralysed by a hornet for 3 turns
 13373 | Lair:6   | Entered Level 6 of the Lair of Beasts
 13636 | Lair:6   | Found a staircase to the Slime Pits.
 13700 | Lair:6   | XOM: confuse monster(s)
 14070 | Lair:6   | XOM: potion effect (might)
 14082 | Lair:6   | Noticed a dire elephant
 14142 | Lair:6   | Noticed a dire elephant
 14151 | Lair:6   | Killed a dire elephant
 14172 | Lair:6   | Noticed a dire elephant
 14173 | Lair:6   | XOM: swap monsters
 14227 | Lair:6   | XOM: summons 6 hostile demons
 14232 | Lair:6   | Banished a dire elephant
 14303 | Lair:6   | XOM: torment (45/72 hp)
 14354 | Lair:6   | XOM: 6-stop teleportation journey
 14390 | Lair:6   | Noticed a dire elephant
 14441 | Lair:6   | XOM: smoke on damage
 14453 | Lair:6   | Killed a dire elephant
 14475 | Lair:6   | XOM: harmless Conj miscast
 14492 | Lair:6   | Killed a dire elephant
 14492 | Lair:6   | Reached skill level 10 in Short Blades
 14492 | Lair:6   | Reached skill level 13 in Stealth
 14584 | Lair:6   | Noticed a dire elephant
 14592 | Lair:6   | XOM: swap monsters
 14597 | Lair:6   | Killed a dire elephant
 14600 | Lair:6   | Noticed a dire elephant
 14608 | Lair:6   | XOM: silly message
 14613 | Lair:6   | Killed a dire elephant
 14617 | Lair:6   | XOM: give mutations
 14617 | Lair:6   | Lost mutation: You are dopey. (Int -2) [Xom's mischief]
 14617 | Lair:6   | Gained mutation: Armour fits poorly on your strangely
                  | shaped body. [Xom's mischief]
 14617 | Lair:6   | Gained mutation: You are frail. (-10% HP) [Xom's mischief]
 14617 | Lair:6   | Gained mutation: Scrolls take you a little longer to read.
                  | [Xom's mischief]
 14832 | Lair:6   | Reached skill level 10 in Fighting
 15123 | Orc:1    | Entered Level 1 of the Orcish Mines
 15123 | Orc:1    | Found Wyxeh's Book Shop.
 15192 | Orc:1    | Bought a book of Battle for 520 gold pieces
 15195 | Orc:1    | Learned a level 2 spell: Song of Slaying
 15199 | Orc:1    | Learned a level 3 spell: Regeneration
 15342 | Orc:2    | Entered Level 2 of the Orcish Mines
 15342 | Orc:2    | Noticed a stone giant
 15364 | Orc:2    | XOM: potion effect (brilliance)
 15489 | Orc:2    | XOM: potion effect (might)
 15535 | Orc:2    | Noticed Donald
 15550 | Orc:2    | XOM: potion effect (brilliance)
 15565 | Orc:2    | Killed Donald
 15565 | Orc:2    | Reached skill level 1 in Charms
 15565 | Orc:2    | Reached skill level 1 in Necromancy
 15602 | Orc:2    | Found a staircase to the Elven Halls.
 15604 | Orc:2    | XOM: silly message
 15615 | Orc:2    | XOM: potion effect (might)
 15621 | Orc:2    | XOM: potion effect (might)
 15626 | Orc:2    | XOM: potion effect (brilliance)
 15641 | Orc:2    | XOM: potion effect (agility)
 15767 | Orc:2    | XOM: blink monster(s)
 15768 | Orc:2    | Noticed Josephine
 15786 | Orc:2    | XOM: silly message
 15808 | Orc:1    | Killed Josephine
 15811 | Orc:1    | XOM: divination: detect creatures
 15873 | Orc:2    | XOM: divination: detect items
 15945 | Orc:2    | Killed a stone giant
 15945 | Orc:2    | Reached XP level 14. HP: 69/69 MP: 23/23
 16083 | Orc:1    | XOM: silly message
 16085 | Orc:1    | Noticed Urug
 16088 | Orc:1    | XOM: fog
 16089 | Orc:1    | Reached skill level 5 in Shields
 16089 | Orc:1    | Noticed Urug
 16089 | Orc:1    | Urug changed into Urug the eye of devastation
 16089 | Orc:1    | XOM: polymorph Urug -> Urug the eye of devastation
 16162 | Orc:1    | XOM: medium Summ miscast
 16264 | Orc:2    | XOM: harmless Pois miscast
 16336 | Orc:2    | XOM: chaos upgrade
 16637 | Orc:2    | XOM: mild Air miscast
 16685 | Orc:2    | XOM: noise
 16741 | Orc:2    | XOM: cleaving
 16748 | Orc:2    | XOM: swap monsters
 16759 | Orc:2    | XOM: polymorph orc knight -> glowing shapeshifter
 16857 | Orc:2    | Found Hojuenos's Antique Weapon Emporium.
 16857 | Orc:2    | Found Untaune's Distillery.
 16859 | Orc:2    | Found Kekula's Assorted Antiques.
 16861 | Orc:2    | Found Hicoro's Jewellery Shoppe.
 16873 | Orc:2    | Bought a metal-bound book for 405 gold pieces
 17145 | Orc:2    | Killed Urug the eye of devastation
 17168 | Orc:1    | Lost mutation: You have an increased reservoir of magic.
                  | (+10% MP) [a neqoxec]
 17169 | Orc:1    | Reached skill level 5 in Spellcasting
 17629 | D:12     | XOM: confusion
 17630 | D:12     | XOM: medium Chrm miscast
 17657 | D:12     | Slain by a freezing wraith

Skill      XL: |  1  2  3  4  5  6  7  8  9 10 11 12 13 14 |
---------------+-------------------------------------------+-----
Dodging        | 1 2 3 4 5 6 7 |  7.7
Stealth        | 1 2 3 4 5 7 8 10 11 12 13 | 13.3
Fighting       | 3 4 5 6 7 8 9 10 | 10.5
Short Blades   | 3 4 5 6 7 8 9 10 | 10.6
Evocations     | 2 4 5 6 |  6.0
Armour         | 3 4 |  4.7
Shields        | 3 4 6 |  6.1
Translocations | 1 3 |  3.4
Spellcasting   | 1 4 5 |  5.1
Charms         | 2 3 |  3.5
Necromancy     | 1 |  1.2

Action                   |  1- 3 |  4- 6 |  7- 9 | 10-12 | 13-15 || total
-------------------------+-------+-------+-------+-------+-------++-------
Melee: Short sword       |    76 |   212 |   288 |       |       ||   576
       Bite              |    15 |    69 |   117 |   283 |   262 ||   746
       Kick              |       |       |    68 |   282 |   295 ||   645
       Headbutt          |       |       |    47 |   186 |   172 ||   405
       Dagger            |       |       |    31 |   743 |   573 ||  1347
 Cast: Song of Slaying   |       |       |       |       |     6 ||     6
       Regeneration      |       |       |       |       |     3 ||     3
Evoke: Wand              |       |       |       |     3 |    12 ||    15
       Sack of spiders   |       |       |       |       |     3 ||     3
  Use: Scroll            |       |     4 |     4 |    21 |     3 ||    32
       Potion            |       |       |     1 |     5 |       ||     6
 Stab: Sleeping          |       |     5 |     9 |    21 |     6 ||    41
       Confused          |       |     1 |     2 |     4 |     1 ||     8
       Paralysed         |       |       |     1 |     3 |     2 ||     6
       Invisible         |       |       |       |     4 |       ||     4
       Petrifying        |       |       |       |     8 |       ||     8
       Petrified         |       |       |       |     2 |       ||     2
       Distracted        |       |       |       |       |     5 ||     5
  Eat: Chunk             |     1 |     6 |    10 |    18 |    14 ||    49
       Ration            |       |       |       |     1 |     1 ||     2
Armor: Leather armour    |    22 |    70 |    65 |    81 |       ||   238
       Ring mail         |       |       |       |    71 |   111 ||   182
       Troll leather arm |       |       |       |       |     2 ||     2
Dodge: Dodged            |    50 |   127 |   171 |   404 |   190 ||   942
Block: Other             |       |       |       |    56 |       ||    56
       Buckler           |       |       |       |    77 |    84 ||   161
       Shield            |       |       |       |       |   210 ||   210
       Reflection        |       |       |       |       |    38 ||    38
